 Dungeon Crawl Stone Soup version 0.23.2-40-g277498a001 (webtiles) character file.

Game seed: 16553516682245400161

57 Hylith the Skirmisher (level 3, 0/30 HPs)
             Began as a Demonspawn Fighter on Sept 25, 2019.
             Was an Initiate of Makhleb.
             Killed by nerve-wracking pain
             ... invoked by an orc priest
              (7 damage)
             ... on level 2 of the Dungeon.
             The game lasted 00:01:43 (1212 turns).

Hylith the Skirmisher (Demonspawn Fighter)          Turns: 1212, Time: 00:01:43

Health: 0/30       AC:  6    Str: 17    XL:     3   Next: 73%
Magic:  3/3        EV:  7    Int:  9    God:    Makhleb [......]
Gold:   51         SH:  0    Dex: 12    Spells: 2/2 levels left

rFire    + . .     SeeInvis +     - Unarmed
rCold    . . .     Gourm    .   b - +0 shield
rNeg     . . .     Faith    .   a - +0 scale mail
rPois    .         Spirit   .   (no helmet)
rElec    .         Reflect  .   (no cloak)
rCorr    .         Harm     .   (no gloves)
MR       .....                  (no boots)
Stlth    ..........             (no amulet)
HPRegen  0.10/turn              k - ring of see invisible
MPRegen  0.08/turn              (no ring)

@: confused
A: fire resistance 1
a: Renounce Religion


You were on level 2 of the Dungeon.
You worshipped Makhleb.
Makhleb was noncommittal.
You were not hungry.

You visited 1 branch of the dungeon, and saw 2 of its levels.

You collected 51 gold pieces.

Inventory:

Armour
 a - a +0 scale mail (worn)
 b - a +0 shield (worn)
Jewellery
 k - a ring of see invisible (left hand)
Scrolls
 g - 4 scrolls of identify {unknown}
 i - a scroll of noise {unknown}
Potions
 c - a potion of might
 e - a potion of ambrosia {unknown}
 h - a potion of resistance {unknown}
 j - a potion of lignification {unknown}
Comestibles
 d - 2 rations
 f - a chunk of flesh


   Skills:
 + Level 3.8 Fighting
 - Level 3.1 Armour
 + Level 3.2 Shields
 - Level 2.0 Unarmed Combat


You had 2 spell levels left.
You didn't know any spells.
Your spell library was empty.

Dungeon Overview and Level Annotations

Branches:
Dungeon (2/15)

Altars:
Ashenzari
Fedhas
Makhleb
Nemelex Xobeh
Ru
Sif Muna


Innate Abilities, Weirdness & Mutations

Your flesh is heat resistant. (rF+)


Message History

You block the bat's attack.
The orc priest hits you but does no damage.
Your scale mail prevents you from hitting the orc priest.
The orc priest is heavily wounded.
You block the orc's attack. You block the orc priest's attack.
The bat hits you but does no damage. The orc wizard casts a spell at you.
The magic dart hits you.
* * * LOW HITPOINT WARNING * * *
You closely miss the orc priest.
The orc priest is heavily wounded.
The bat completely misses you. You block the orc's attack.
The orc priest hits you but does no damage.
The orc wizard points at you and mumbles some strange words.
You are confused.
You're too confused to move!
The orc hits you.
* * * LOW HITPOINT WARNING * * *
The orc priest invokes the aid of Beogh against you.
Pain shoots through your body!
You die...

#.#)......#.#.#
#..._..._.#.#.###.
##...............#
#._..8.._.......#
#...............#
##._..._........#
#..............#######
#.....#........o......
###.#..##......b@oo.....
........................
#####.#######.###.......
### #.# ..o.... ...
....... ##.## ##.####
#.# .# #.# .# .#


You could see an orc priest, an orc wizard (invisible), 2 orcs and a bat.

Vanquished Creatures
  A gnoll (D:1)
  An adder (D:2)
  2 dart slugs (D:1)
  3 giant cockroaches (D:1)
  7 goblins
  3 hobgoblins (D:1)
  3 jackals (D:1)
  2 kobolds (D:1)
  A ball python (D:1)
  3 bats (D:1)
  3 frilled lizards (D:1)
  4 rats
33 creatures vanquished.

Notes
Turn   | Place    | Note
-------+----------+-------------------------------------------
     0 | D:1      | Hylith the Demonspawn Fighter began the quest for the Orb.
     0 | D:1      | Reached XP level 1. HP: 18/18 MP: 1/1
   118 | D:1      | Gained mutation: Your flesh is heat resistant. (rF+)
                  | [demonic ancestry]
   118 | D:1      | Reached XP level 2. HP: 13/24 MP: 2/2
   420 | D:1      | Reached XP level 3. HP: 15/29 MP: 3/3
  1156 | D:2      | Found a blossoming altar of Fedhas.
  1157 | D:2      | Found a shattered altar of Ashenzari.
  1157 | D:2      | Found a burning altar of Makhleb.
  1157 | D:2      | Found a sacrificial altar of Ru.
  1157 | D:2      | Found a deep blue altar of Sif Muna.
  1158 | D:2      | Found a sparkling altar of Nemelex Xobeh.
  1179 | D:2      | Became a worshipper of Makhleb the Destroyer
  1212 | D:2      | Killed from afar by an orc priest

Skill      XL: |  1  2 |
---------------+-------+-----
Unarmed Combat | 2 |  2.0
Shields        | 3 |  3.2
Armour         | 3 |  3.1
Fighting       | |  3.8

Action                   || total
-------------------------++-------
Melee: Unarmed           ||   200
  Eat: Chunk             ||     1
Armor: Scale mail        ||    75
Dodge: Dodged            ||    54
Block: Shield            ||    92
